Map: Orbital Shipyard

Players

LindyHop - Winner!

  • Race: Zerg Zerg
  • League: Platinum

LockHEED

  • Race: Zerg Zerg
  • League: Platinum

VOD

Have the link to the VOD?

Description

Time

  • Played on: Jan. 9, 2016, 1:36 p.m.
  • Length: 7:53
Show
View Real Time Build Order
Export as new Build Order

LindyHop Zerg - Winner!

Build Orders: Hatch First 

Get SALT Encoding   

  12  0:01  Drone  
  13  0:12  Overlord  
  13  0:20  Drone  
  14  0:30  Drone x2  
  14  0:34  Drone  
  17  0:53  Hatchery  
  16  0:57  Drone  
  16  1:02  Drone  
  16  1:03  Extractor  
  17  1:06  Drone  
  18  1:18  Spawning Pool  
  18  1:21  Drone  
  18  1:28  Drone  
  19  1:39  Overlord  
  19  2:06  Queen  
  19  2:07  Queen  
  23  2:09  Zergling x2  
  23  2:10  Spine Crawler  
  23  2:12  Drone, Zergling x2  
  23  2:15  Metabolic Boost  
  25  2:25  Baneling Nest  
  24  2:38  Drone  
  24  2:39  Drone  
  26  2:45  Queen  
  28  2:53  Overlord  
  28  2:58  Drone x2  
  30  3:10  Roach Warren  
  29  3:18  Drone  
  29  3:19  Drone x3  
  33  3:26  Queen  
  35  3:37  Drone x3  
  38  3:52  Overlord  
  38  4:20  Roach  
  38  4:21  Roach x6  
  52  4:24  Hatchery  
  51  4:35  Overlord  
  51  4:39  Baneling  
  51  4:40  Baneling  
  51  4:52  Ravager  
  52  4:53  Ravager  
  52  4:56  Extractor  
  52  4:58  Roach, Zergling x2  
  52  4:59  Zergling x10  
  60  5:00  Overlord  
  60  5:23  Roach x3  
  60  5:24  Zergling x4  
  68  5:33  Overlord x2  
  68  5:34  Overlord  
  68  5:53  Roach  
  68  5:54  Roach x5  
  68  5:56  Evolution Chamber  
  79  5:57  Zergling x2  
  79  5:58  Zergling x6  
  82  6:07  Baneling x2  
  82  6:12  Roach  
  82  6:13  Roach, Zergling x2  
  82  6:14  Zergling x4  
  82  6:16  Zergling x2  
  84  6:22  Baneling  
  80  6:35  Roach x4  
  81  6:40  Zergling x4  
  81  6:43  Zergling x2  
  84  6:48  Baneling  
  84  6:49  Baneling  
  84  6:50  Baneling  
  84  6:56  Zergling x2  
  84  7:10  Zergling x2  
  84  7:11  Zergling x14  
  89  7:22  Overlord  
  84  7:29  Zergling x6  
  87  7:32  Zergling x2  
  87  7:33  Zergling x2  
  87  7:35  Zergling x2  
Show
View Real Time Build Order
Export as new Build Order

LockHEED Zerg 

Build Orders: Hatch First 

Get SALT Encoding   

  12  0:06  Drone  
  13  0:12  Overlord  
  13  0:17  Drone  
  14  0:30  Drone x2  
  16  0:41  Drone  
  17  0:53  Hatchery  
  17  0:57  Drone  
  17  1:02  Extractor  
  16  1:12  Spawning Pool  
  16  1:14  Drone  
  16  1:18  Drone  
  17  1:28  Drone  
  18  1:34  Drone  
  19  1:44  Drone  
  20  1:55  Overlord  
  20  1:58  Queen  
  22  2:05  Queen  
  25  2:08  Drone x2  
  25  2:12  Metabolic Boost  
  26  2:16  Drone  
  26  2:18  Drone  
  28  2:25  Baneling Nest  
  28  2:28  Drone  
  28  2:29  Drone  
  29  2:36  Evolution Chamber  
  28  2:40  Drone x2  
  30  2:54  Overlord  
  30  2:55  Overlord  
  30  3:04  Drone x2  
  32  3:12  Drone x2  
  34  3:13  Drone x2  
  34  3:17  Zerg Ground Armor Level 1  
  36  3:32  Extractor  
  36  3:33  Drone  
  36  3:34  Drone x2  
  38  3:38  Hatchery  
  37  3:52  Zergling x2  
  37  3:53  Zergling x14  
  45  4:04  Drone x2  
  47  4:12  Extractor  
  47  4:14  Drone x3  
  47  4:16  Drone x2  
  51  4:26  Overlord x2  
  51  4:31  Evolution Chamber, Queen  
  51  4:34  Lair  
  52  4:39  Overlord x3  
  52  4:46  Drone x2  
  52  4:47  Drone  
  52  4:50  Queen  
  57  5:04  Zergling x8  
  57  5:05  Zergling x4  
  63  5:19  Zerg Melee Weapons Level 1  
  63  5:37  Baneling x4  
  63  5:41  Zergling x14  
  63  5:42  Zergling x12  
  76  5:43  Zergling x2  
  77  5:55  Centrifical Hooks  
  77  6:01  Burrow  
  66  6:25  Zergling x12  
  70  6:26  Zergling x10  
  71  6:39  Zergling x6  
  64  6:40  Zergling x8  
  67  6:49  Drone x2  
  70  6:54  Zergling x2  
  70  6:59  Hatchery  
  67  7:10  Zergling x4  
  67  7:11  Zergling x6  
  67  7:13  Zergling x4  
  67  7:14  Zergling x10  
  71  7:25  Zergling x8  
  71  7:26  Zergling x2  
  70  7:33  Zergling x4  
  70  7:34  Zergling x2  
Tags
 
Add a new tag
Caveats
  • Supply blocks, unpowered buildings, or Contaminate may cause inaccurate times.
  • Supply counts are checked every 10 seconds.